 Dungeon Crawl Stone Soup version 0.30.1 (webtiles) character file.

Game seed: 17681732556879144089

746 GeoRichter the Cleaver (level 7, -8/64 HPs)
             Began as a Hill Orc Cinder Acolyte on July 13, 2023.
             Was a Believer of Ignis.
             Killed by nerve-wracking pain
             ... invoked by Menkaure
              (11 damage)
             ... on level 5 of the Dungeon.
             The game lasted 00:04:28 (3725 turns).

GeoRichter the Cleaver (Hill Orc Cinder Acolyte)    Turns: 3725, Time: 00:04:28

Health: -8/64      AC: 14    Str: 19    XL:     7   Next: 77%
Magic:  8/8        EV: 10    Int: 14    God:    Ignis [**....]
Gold:   173        SH:  2    Dex:  6    Spells: 8/8 levels left

rFire   + . .        a - -1 hand axe (flame)
rCold   . . .        b - +0 buckler
rNeg    . . .        n - +0 ring mail
rPois   +            r - +0 helmet
rElec   .            (no cloak)
rCorr   .            s - +0 pair of gloves
SInv    .            (no boots)
Will    .....        (no amulet) Stlth
                     j - ring of poison resistance
HPRegen 0.30/turn    (no ring)
MPRegen 0.11/turn

%: no passive effects
@: fiery-armoured
A: no striking features
a: Renounce Religion, Fiery Armour, Foxfire Swarm, Rising Flame


You were on level 5 of the Dungeon.
You worshipped Ignis.
Ignis was pleased with you.
You visited 1 branch of the dungeon, and saw 5 of its levels.

You collected 195 gold pieces.
You spent 22 gold pieces at shops.

Inventory:

Hand Weapons
 a - a -1 hand axe of flaming (weapon)
Armour
 b - a +0 buckler (worn)
   (You found it on level 3 of the Dungeon)
 n - a +0 ring mail (worn)
   (You found it on level 2 of the Dungeon)
 r - a +0 helmet (worn)
   (You took it off Robin on level 4 of the Dungeon)
 s - a +0 pair of gloves (worn)
   (You found it on level 4 of the Dungeon)
Jewellery
 j - a ring of poison resistance (left hand)
   (You took it off a goblin on level 2 of the Dungeon)
Wands
 q - a wand of mindburst (12)
   (You found it on level 3 of the Dungeon)
Scrolls
 c - 6 scrolls of noise {unknown}
 e - a scroll of blinking
 g - a scroll of vulnerability {unknown}
 h - a scroll of poison {unknown}
 i - 3 scrolls of identify {@r1}
 k - 2 scrolls of teleportation {unknown}
 m - 3 scrolls of enchant weapon {unknown}
 u - a scroll of immolation {unknown}
 v - a scroll of fear {unknown}
 x - a scroll of enchant armour {unknown}
Potions
 d - a potion of resistance
 f - a potion of curing {@q1}
 l - a potion of ambrosia {unknown}
 o - a potion of brilliance {unknown}
 p - a potion of magic {unknown}
 t - a potion of heal wounds {unknown}
 w - a potion of mutation {unknown}


   Skills:
 + Level 6.7 Fighting
 * Level 9.8 Axes
 - Level 1.0 Spellcasting
 - Level 3.2 Fire Magic


You had 8 spell levels left.
You didn't know any spells.
Your spell library contained the following spells:

 Spells                   Type           Power      Damage    Failure   Level
 Scorch                   Fire           18%        2d5       24%         2


Dungeon Overview and Level Annotations

Branches:
Dungeon (5/15) Zot: 26271
 Temple: D:4-7

Altars:
Hepliaklqana
Makhleb
Uskayaw

Shops:
D:1 ?

Annotations:
D:5 Menkaure


Message History

* * * LOW HITPOINT WARNING * * *
Menkaure calls on the powers of darkness!
Your body is wracked with pain!
* * * LOW HITPOINT WARNING * * *
The water moccasin skeleton attacks as you move away!
The water moccasin skeleton bites you.
* * * LOW HITPOINT WARNING * * *
Menkaure calls on the powers of darkness!
Your body is wracked with pain!
* * * LOW HITPOINT WARNING * * *
The water moccasin skeleton bites you.
* * * LOW HITPOINT WARNING * * *
A protective cloak of flame settles atop you.
The water moccasin skeleton bites you but does no damage.
The water moccasin skeleton is burned by your cloak of flames.
The water moccasin skeleton is moderately damaged.
You feel better.
The water moccasin skeleton bites you but does no damage.
The water moccasin skeleton is burned by your cloak of flames.
The water moccasin skeleton is heavily damaged.
You barely miss the water moccasin skeleton.
The water moccasin skeleton is heavily damaged.
Menkaure gestures at you while chanting.
Pain shoots through your body!
* * * LOW HITPOINT WARNING * * *
The water moccasin skeleton bites you.
* * * LOW HITPOINT WARNING * * *
The water moccasin skeleton is burned by your cloak of flames.
The water moccasin skeleton is severely damaged.
You hit the water moccasin skeleton but do no damage.
The water moccasin skeleton is severely damaged.
Menkaure's ankle releases a plume of dust as he confides, "I'm not really a mummy, you know."
The water moccasin skeleton bites you but does no damage.
The water moccasin skeleton is burned by your cloak of flames.
The water moccasin skeleton is almost destroyed.
You hit the water moccasin skeleton. You burn the water moccasin skeleton.
The water moccasin skeleton is almost destroyed.
You block the water moccasin skeleton's attack.
Activating: Foxfire Swarm
Press: ? - help, Dir - look around, f - activate Flames leap up around you!
Menkaure gestures at you while chanting.
Pain shoots through your body!
* * * LOW HITPOINT WARNING * * *
The water moccasin skeleton bites you but does no damage.
The water moccasin skeleton is burned by your cloak of flames.
You destroy the water moccasin skeleton!
Menkaure gestures at you while chanting.
Pain shoots through your body!
You die...

.ZZ......# #.# #.#
# #######.#####
..##.....(.....##
#...............##
#...vvvvv.......#
#...vv.Mv.......#
#...vv@vv.......#
#...vvvvv.8.....#
#...vvvvv...P...#
##........P..P.##
##.....#....P##
#############


You could see Menkaure (fast, ally target).

Vanquished Creatures
  Sigmund (D:4)
  Edmund (D:4)
  A scorpion (D:4)
  A wyvern zombie (D:5)
  A water moccasin skeleton (D:5)
  A howler monkey (D:4)
  A centaur zombie (D:5)
  2 hounds
  2 orc priests (D:4)
  Robin (D:4)
  5 adders
  An ufetubus (D:4)
  A worm (D:3)
  5 dart slugs
  2 orcs
  3 ball pythons
  3 endoplasms
  4 giant cockroaches
  14 goblins
  15 hobgoblins
  2 jackals (D:3)
  2 quokkas
  5 bats
  3 frilled lizards
  3 kobolds
  8 rats
88 creatures vanquished.

Vanquished Creatures (others)
  46 foxfires (D:4)
46 creatures vanquished.

Grand Total: 134 creatures vanquished

Notes
Turn   | Place    | Note
-------+----------+-------------------------------------------
     0 | D:1      | GeoRichter the Hill Orc Cinder Acolyte began the quest for
                  | the Orb.
     0 | D:1      | Reached XP level 1. HP: 19/19 MP: 2/2
   158 | D:1      | Reached XP level 2. HP: 19/27 MP: 3/3
   461 | D:1      | Reached skill level 5 in Axes
   461 | D:1      | Reached XP level 3. HP: 11/33 MP: 4/4
   833 | D:1      | Found Xusuk's Magic Scroll Boutique.
   836 | D:1      | Bought a scroll of identify for 22 gold pieces
  1330 | D:2      | Reached XP level 4. HP: 19/41 MP: 5/5
  1873 | D:3      | Reached skill level 6 in Axes
  2420 | D:3      | Found a faded altar of an unknown god.
  2453 | D:3      | Found a hide-covered altar of Uskayaw.
  2453 | D:3      | Found a hazy altar of Hepliaklqana.
  2485 | D:3      | Reached XP level 5. HP: 39/47 MP: 6/6
  2604 | D:4      | Reached skill level 5 in Fighting
  2643 | D:4      | Reached skill level 7 in Axes
  2774 | D:4      | Noticed Robin
  2785 | D:4      | Killed Robin
  2984 | D:4      | Reached XP level 6. HP: 46/56 MP: 7/7
  3270 | D:4      | Reached skill level 8 in Axes
  3478 | D:4      | Found a burning altar of Makhleb.
  3491 | D:4      | Noticed Sigmund
  3495 | D:4      | Killed Sigmund
  3496 | D:4      | Reached XP level 7. HP: 63/63 MP: 8/8
  3497 | D:4      | Noticed Edmund
  3507 | D:4      | Killed Edmund
  3508 | D:4      | Reached skill level 9 in Axes
  3649 | D:5      | Entered Level 5 of the Dungeon
  3698 | D:5      | Noticed Menkaure
  3719 | D:5      | HP: 2/64 [water moccasin skeleton (4)]
  3725 | D:5      | HP: 3/64 [Menkaure/nerve-wracking pain (7)]
  3725 | D:5      | Killed from afar by Menkaure

Illustrated notes

Levels and vault maps discovered:
D:1:      kennysheep_arrival_forest, layout_rooms, serial_curves,
          eino_curves_03, eino_curves_03, eino_curves_03, eino_curves_01,
          serial_shops, nicolae_shop_rolled_up
D:2:      layout_loops_ring
D:3:      layout_loops_cross, gammafunk_temple_overflow_elements,
          ebering_ecumenical_altar_mist
D:4:      layout_basic, mainiacjoe_overflow_surrounded_room, uniq_sigmund,
          uniq_robin, uniq_edmund
D:5:      layout_rooms, lemuel_mausoleum_altar_kikubaaqudgha, serial_undead,
          serial_undead_a, serial_undead_f, serial_undead_d, serial_undead_e,
          serial_undead_b, serial_undead_b, uniq_eustachio, uniq_duvessa,
          uniq_menkaure, uniq_grinder

Skill      XL: |  1  2  3  4  5  6  7 |
---------------+----------------------+-----
Fighting       | 4 5 6 |  6.7
Axes           | 5 6 7 8 9 |  9.8
Spellcasting   | |  1.0
Fire Magic     | |  3.2

Action                     |  1- 3 |  4- 6 |  7- 9 || total
---------------------------+-------+-------+-------++-------
  Melee: Hand axe          |   122 |   184 |    36 ||   342
         Punch             |     1 |       |       ||     1
 Invoke: Fiery Armour      |     1 |     2 |     1 ||     4
         Foxfire Swarm     |       |     1 |     3 ||     4
    Use: Scroll            |     3 |       |       ||     3
         Potion            |       |       |     1 ||     1
 Armour: Robe              |    34 |     3 |       ||    37
         Ring mail         |       |    72 |    17 ||    89
  Dodge: Dodged            |    78 |    89 |    26 ||   193
  Block: Buckler           |       |     6 |     5 ||    11
